 Dungeon Crawl Stone Soup version 0.28-a0-1435-g82390b3a13 (webtiles) character file.

Game seed: 4349836021838162394

43 dolemite99 the Poker (level 3, -2/31 HPs)
             Began as a Minotaur Monk on Jan 10, 2022.
             Was a Believer of Makhleb.
             Slain by an orc wizard (3 damage)
             ... on level 3 of the Dungeon.
             The game lasted 00:01:24 (1409 turns).

dolemite99 the Poker (Minotaur Monk)                Turns: 1409, Time: 00:01:25

Health: -2/31      AC:  3    Str: 17    XL:     3   Next: 37%
Magic:  2/2        EV: 12    Int:  7    God:    Makhleb [**....]
Gold:   69         SH:  0    Dex: 12    Spells: 2/2 levels left

rFire   . . .      SeeInvis .   a - +0 spear
rCold   . . .      Faith    .   (no shield)
rNeg    . . .      Spirit   .   b - +0 robe
rPois   .          Reflect  .   (helmet restricted)
rElec   .          Harm     .   (no cloak)
rCorr   .          Rampage  .   k - +0 pair of gloves
Will    .....                   (no boots)
Stlth   +.........              (no amulet)
HPRegen 0.10/turn               (no ring)
MPRegen 0.08/turn               (no ring)

@: confused, attractive
A: horns 2, retaliatory headbutt
a: Renounce Religion, Minor Destruction


You were on level 3 of the Dungeon.
You worshipped Makhleb.
Makhleb was pleased with you.
You visited 1 branch of the dungeon, and saw 3 of its levels.

You collected 69 gold pieces.

Inventory:

Hand Weapons
 a - a +0 spear (weapon)
 j - a +1 dagger of draining
Missiles
 c - 41 stones (quivered)
 d - 12 arrows
 l - 9 poisoned darts
Armour
 b - a +0 robe (worn)
 k - a +0 pair of gloves (worn)
Scrolls
 g - a scroll of magic mapping {unknown}
 h - a scroll of enchant weapon {unknown}
 i - a scroll of teleportation {unknown}
Potions
 m - a potion of might {unknown}


   Skills:
 - Level 3.6 Fighting
 + Level 5.4 Polearms
 - Level 3.2 Dodging
 - Level 1.5 Stealth


You had 2 spell levels left.
You didn't know any spells.
Your spell library was empty.

Dungeon Overview and Level Annotations

Branches:
Dungeon (3/15)

Altars:
Makhleb


Innate Abilities, Weirdness & Mutations

You have a pair of horns on your head.
You reflexively headbutt those who attack you in melee.


Message History

You see here a +0 mace.
You miss something. Something hits you but does no damage.
You hit something but do no damage. Your headbutt misses something.
You hear some strange, mumbled words.
You are confused.
You're too confused to move!
You hear some strange, mumbled words.
You are more confused.
You miss something. Something hits you.
You barely miss something. Your headbutt misses something.
You hear some strange, mumbled words.
A puff of flame appears from out of thin air!
The puff of flame hits you!
You bump into the rock wall.
You hear some strange, mumbled words.
Something tries to affect you, but you resist.
It was a potion of curing.
You feel better. Something hits you.
You miss something. Your headbutt misses something.
You hear some strange, mumbled words.
You are confused.
You closely miss something. Your headbutt misses something.
You bump into the rock wall.
You hear some strange, mumbled words.
A magic dart appears from out of thin air!
The magic dart hits you!
You hear some strange, mumbled words.
A puff of flame appears from out of thin air!
The puff of flame hits you.
* * * LOW HITPOINT WARNING * * *
You bump into the rock wall.
A magic dart appears from out of thin air!
The magic dart hits you.
* * * LOW HITPOINT WARNING * * *
You bump into the rock wall.
You hit something. Something hits you.
* * * LOW HITPOINT WARNING * * *
It was a potion of attraction.
You feel attractive to monsters. Something hits you.
You die...

#
#......<.#..######
# #.######....# #
#.# ##....### #
#.# #[...K..# #
#.# #.......# #
#.# #.......# #
#.# ###...#.# #
#.# #####...#.# #
##.# #......##@#
###..# #.#######.#
##...###.# #o# #
.........#
#o###..#..
###.######
#...o.o... ......#
#####..... #####.#
### #.# #.#


You could see 2 orcs and a kobold (wandering).

Vanquished Creatures
  2 adders (D:2)
  2 dart slugs
  An orc (D:3)
  7 ball pythons
  3 endoplasms
  A goblin (D:1)
  A quokka (D:2)
  A bat (D:3)
  A frilled lizard (D:1)
  A kobold (D:1)
  3 rats (D:1)
23 creatures vanquished.

Notes
Turn   | Place    | Note
-------+----------+-------------------------------------------
     0 | D:1      | dolemite99 the Minotaur Monk began the quest for the Orb.
     0 | D:1      | Reached XP level 1. HP: 19/19 MP: 0/0
   232 | D:1      | Reached skill level 4 in Polearms
   385 | D:1      | Reached XP level 2. HP: 26/26 MP: 1/1
   544 | D:1      | Found a faded altar of an unknown god.
   882 | D:2      | Reached skill level 5 in Polearms
  1080 | D:2      | Reached XP level 3. HP: 31/31 MP: 2/2
  1291 | D:3      | Found a burning altar of Makhleb.
  1295 | D:3      | Became a worshipper of Makhleb the Destroyer
  1295 | D:3      | Reached * piety under Makhleb
  1295 | D:3      | Reached ** piety under Makhleb
  1408 | D:3      | HP: 1/31 [something (2)]
  1409 | D:3      | Slain by an orc wizard

Illustrated notes

Levels and vault maps discovered:
D:1:      heliophobic_arrival_ceremonial_halls, layout_loops_ring,
          shapermc_ecumenical_altar_pompeii
D:2:      layout_basic, nrook_uturn
D:3:      cheibrodos_pilgrimage, layout_loops_ring, bloody_makhleb,
          nicolae_overflow_ecumenical_swirl, st_stairs_1

Skill      XL: |  1  2 |
---------------+-------+-----
Polearms       | 4 5 |  5.4
Fighting       | |  3.6
Dodging        | |  3.2
Stealth        | |  1.5

Action                   || total
-------------------------++-------
Melee: Spear             ||    46
       Headbutt          ||     3
Throw: Boomerang         ||    25
       Stone             ||    16
  Use: Potion            ||     2
 Stab: Sleeping          ||     1
Armor: Robe              ||     4
Dodge: Dodged            ||    23

Table legend: (Time is in decaauts)
 A = Elapsed time spent in this place.
 B = Non-inter-level travel time spent in this place.
 C = Inter-level travel time spent in this place.
 D = Time resting spent in this place.
 E = Time spent auto-exploring this place.
 F = Levels seen in this place.
 G = Mean time per level.
                   A        B        C        D        E       F      G
               +--------+--------+--------+--------+--------+-----+--------+
         Total |   1411 |   1372 |     39 |      0 |   1081 |   3 |  470.3 |
       Dungeon |   1411 |   1372 |     39 |      0 |   1081 |   3 |  470.3 |
               +--------+--------+--------+--------+--------+-----+--------+

Top non-repeatable levels by time:
     D:1: 718 daAuts
     D:2: 577 daAuts
     D:3: 115 daAuts
